 Dungeon Sprint DCSS version 0.27-a0-216-g1fbed8a51c (webtiles) character file.

Game seed: 748837466825949239

1026 mhtbhm the Unseen (level 8, -9/42 HPs)
             Began as a Spriggan Brigand on Jan 31, 2021.
             Was a Believer of Dithmenos.
             Mangled by a spriggan
             ... wielding a +0 rapier
              (11 damage)
             ... in the Dungeon (Sprint IV: "Fedhas' Mad Dash").
             The game lasted 00:02:53 (1772 turns).

mhtbhm the Unseen (Spriggan Brigand)                Turns: 1772, Time: 00:02:53

Health: -9/42      AC:  4    Str:  7    XL:     8   Next: 2%
Magic:  9/9        EV: 20    Int: 12    God:    Dithmenos [**....]
Gold:   60         SH:  0    Dex: 20    Spells: 7/7 levels left

rFire    . . .     SeeInvis +   a - -2 dagger (curse)
rCold    . . .     Faith    .   (shield restricted)
rNeg     . . .     Spirit   .   b - +1 robe
rPois    .         Reflect  .   (helmet restricted)
rElec    .         Harm     .   c - +0 cloak
rCorr    .         Rampage  .   (gloves unavailable)
Will     +....     NoTele   +   (boots unavailable)
Stlth    ++++++++++             m - amulet of invisibility {+Inv}
HPRegen  0.14/turn              e - ring of wizardry
MPRegen  0.11/turn              (no ring)

@: hasted, wreathed by umbra, very quick
A: very small, unfitting armour, see invisible, speed 3
a: Renounce Religion, Evoke Invisibility, Shadow Step


You were in the Dungeon.
You worshipped Dithmenos.
Dithmenos was pleased with you.
You visited 1 branch You collected 60 gold pieces.

Inventory:

Hand Weapons
 a - a cursed -2 dagger (weapon)
Missiles
 d - 15 poisoned darts (quivered)
Armour
 b - a +1 robe (worn)
 c - a +0 cloak (worn)
Jewellery
 e - a ring of wizardry (left hand)
 m - the amulet of invisibility (around neck) {+Inv}
   (You found it in the Dungeon)

   [amulet of nothing]

   It lets you turn invisible.
Scrolls
 k - a scroll of blinking
Potions
 f - a potion of curing
 i - 3 potions of magic


   Skills:
 + Level 4.6 Fighting
 + Level 7.6 Short Blades
 + Level 5.7 Throwing
 + Level 3.9 Dodging
 + Level 19.4 Stealth
 + Level 5.5 Evocations


You had 7 spell levels left.
You didn't know any spells.
Your spell library was empty.

Dungeon Overview and Level Annotations

Branches:
Dungeon (1/1)

Altars:
Cheibriados
Dithmenos
Elyvilon
Gozag
Hepliaklqana
Kikubaaqudgha
Makhleb
Nemelex Xobeh
Okawaru
Qazlal
Ru
Sif Muna
Trog
Uskayaw
Vehumet
Wu Jian
Xom
Yredelemnul
Zin
The Shining One
Beogh
Jiyva
Lugonu


Innate Abilities, Weirdness & Mutations

You are very small and have problems with some larger weapons.
You are too small for most types of armour.
You have supernaturally acute eyesight. (SInv)
You cover ground extremely quickly.


Message History

The spriggan hits you with a +0 rapier!
* * * LOW HITPOINT WARNING * * *
You closely miss the spriggan.
The spriggan is moderately wounded.
The spriggan closely misses you.
You hit the spriggan but do no damage.
The spriggan is moderately wounded.
You closely miss the spriggan.
The spriggan is moderately wounded.
The spriggan hits you with a +0 rapier!
* * * LOW HITPOINT WARNING * * *
You hit the spriggan but do no damage.
The spriggan is moderately wounded.
The spriggan misses you.
You hit the spriggan.
The spriggan is moderately wounded.
You barely miss the spriggan.
The spriggan is moderately wounded.
The spriggan misses you. The spriggan hits you with a +0 rapier!
You die...

#######################
#<..P#.....#....)#.⌠._.
#PP..'..÷..'.#...i.i_._
#P.PP#.....#.#...#..._.
###############'##.._._
#...♣.@i.....'...#._._.
#.....i♣.....#...######
#.....♣..♣..######
##'####+##### #..#$$$$+
#..#P.### #######


You could see 2 spriggans.

Vanquished Creatures
  An oklob plant (D)
  A queen bee (D)
  A scorpion (D)
  4 killer bees (D)
  4 oklob saplings (D)
  A worker ant (D)
  A river rat (D)
  A rat (D)
14 creatures vanquished.

Vanquished Creatures (others)
  A fungus (D)
1 creature vanquished.

Grand Total: 15 creatures vanquished

Notes
Turn   | Place    | Note
-------+----------+-------------------------------------------
     0 | D        | mhtbhm the Spriggan Brigand began the quest for the Orb.
     0 | D        | Reached XP level 1. HP: 10/10 MP: 2/2
     9 | D        | Reached skill level 7 in Stealth
     9 | D        | Reached XP level 2. HP: 15/15 MP: 3/3
   123 | D        | Noticed an oklob sapling
   125 | D        | Killed an oklob sapling
   126 | D        | Reached skill level 9 in Stealth
   126 | D        | Reached XP level 3. HP: 19/19 MP: 4/4
   129 | D        | Found the amulet of invisibility {+Inv}
   146 | D        | Reached skill level 10 in Stealth
   473 | D        | Found an opulent altar of Gozag.
   473 | D        | Found a hazy altar of Hepliaklqana.
   473 | D        | Found a burning altar of Makhleb.
   473 | D        | Found a roughly hewn altar of Beogh.
   473 | D        | Found a sparkling altar of Nemelex Xobeh.
   473 | D        | Found a snail-covered altar of Cheibriados.
   473 | D        | Found a sacrificial altar of Ru.
   473 | D        | Found a shimmering blue altar of Sif Muna.
   473 | D        | Found a shimmering altar of Xom.
   473 | D        | Found a basalt altar of Yredelemnul.
   474 | D        | Found a viscous altar of Jiyva.
   474 | D        | Found a bloodstained altar of Trog.
   474 | D        | Found an ornate altar of the Wu Jian Council.
   474 | D        | Noticed an oklob sapling priest
   475 | D        | Found an iron altar of Okawaru.
   475 | D        | Found a shadowy altar of Dithmenos.
   475 | D        | Found a glowing silver altar of Zin.
   476 | D        | Found an ancient bone altar of Kikubaaqudgha.
   476 | D        | Found a hide-covered altar of Uskayaw.
   477 | D        | Found a stormy altar of Qazlal.
   477 | D        | Found a white marble altar of Elyvilon.
   477 | D        | Found a glowing golden altar of the Shining One.
   478 | D        | Found a corrupted altar of Lugonu.
   478 | D        | Found a radiant altar of Vehumet.
   481 | D        | Killed an oklob sapling priest
   482 | D        | Reached skill level 12 in Stealth
   482 | D        | Reached skill level 1 in Evocations
   482 | D        | Reached XP level 4. HP: 23/23 MP: 2/5
   485 | D        | Became a worshipper of Dithmenos the Shadowed
   495 | D        | Reached skill level 13 in Stealth
   495 | D        | Reached XP level 5. HP: 28/28 MP: 3/6
   656 | D        | Noticed a queen bee
   664 | D        | Reached * piety under Dithmenos
   665 | D        | Reached skill level 14 in Stealth
   667 | D        | Reached skill level 5 in Short Blades
   667 | D        | Reached skill level 15 in Stealth
   668 | D        | Reached XP level 6. HP: 23/32 MP: 4/7
   672 | D        | Killed a queen bee
   672 | D        | Reached ** piety under Dithmenos
   673 | D        | Reached skill level 5 in Throwing
   673 | D        | Reached skill level 17 in Stealth
   679 | D        | Reached XP level 7. HP: 26/37 MP: 5/8
   932 | D        | Noticed an oklob plant
   935 | D        | Killed an oklob plant
   936 | D        | Reached skill level 19 in Stealth
   936 | D        | Reached skill level 5 in Evocations
   951 | D        | Noticed a burning bush
  1693 | D        | Reached XP level 8. HP: 42/42 MP: 9/9
  1769 | D        | HP: 2/42 [spriggan/+0 rapier (10)]
  1772 | D        | Mangled by a spriggan

Illustrated notes

Levels and vault maps discovered:
D:        dungeon_sprint_fedhas [sprint_temple]

Skill      XL: |  1  2  3  4  5  6  7 |
---------------+----------------------+-----
Fighting       | 2 3 4 |  4.6
Stealth        | 7 9 12 13 15 17 19 | 19.4
Short Blades   | 3 4 5 6 7 |  7.6
Throwing       | 3 4 5 |  5.7
Evocations     | 1 3 4 5 |  5.5
Dodging        | 2 3 |  3.9

Action                   |  1- 3 |  4- 6 |  7- 9 || total
-------------------------+-------+-------+-------++-------
Melee: Dagger            |     6 |    18 |    55 ||    79
Throw: Dart              |     5 |       |     2 ||     7
 Abil: Evoke Invisibilit |     1 |     1 |       ||     2
  Use: Scroll            |     1 |       |       ||     1
       Potion            |       |     1 |     2 ||     3
 Stab: Sleeping          |     3 |     2 |     1 ||     6
       Invisible         |       |     5 |       ||     5
Armor: Robe              |       |     1 |     1 ||     2
Dodge: Dodged            |     3 |    12 |    34 ||    49

Table legend: (Time is in decaauts)
 A = Elapsed time spent in this place.
 B = Non-inter-level travel time spent in this place.
 C = Inter-level travel time spent in this place.
 D = Time resting spent in this place.
 E = Time spent auto-exploring this place.
 F = Levels seen in this place.
 G = Mean time per level.
                   A        B        C        D        E       F      G
               +--------+--------+--------+--------+--------+-----+--------+
         Total |   1670 |   1659 |     11 |   1461 |      0 |   1 | 1670.0 |
       Dungeon |   1670 |   1659 |     11 |   1461 |      0 |   1 | 1670.0 |
               +--------+--------+--------+--------+--------+-----+--------+

Top non-repeatable levels by time:
       D: 1670 daAuts
